 Dungeon Crawl Stone Soup version 0.29.0-13-gc9e81de378 (webtiles) character file.

Game seed: 2388738884644975851

2 xian the Chopper (level 1, -2/19 HPs)
             Began as a Naga Gladiator on Sept 11, 2022.
             Slain by a goblin
             ... wielding a +0 dagger
              (3 damage)
             ... on level 1 of the Dungeon.
             The game lasted 00:00:12 (31 turns).

xian the Chopper (Naga Gladiator)                     Turns: 31, Time: 00:00:13

Health: -2/19      AC:  2    Str: 16    XL:     1   Next: 40%
Magic:  1/1        EV: 10    Int:  8    God:
Gold:   17         SH:  0    Dex: 12    Spells: 0/0 levels left

rFire   . . .      SeeInvis +   a - +0 war axe
rCold   . . .      Faith    .   (no shield)
rNeg    . . .      Spirit   .   b - +0 leather armour
rPois   +          Reflect  .   c - +0 helmet
rElec   .          Harm     .   (no cloak)
rCorr   .          Rampage  .   (no gloves)
Will    .....                   (no barding)
Stlth   +.........              (no amulet)
HPRegen 0.06/turn               (no ring)
MPRegen 0.07/turn               (no ring)

@: very slow
A: AC +0, large, see invisible, deformed body, poison resistance, slowness 2,
spit poison 1, naga tail 1
a: Spit Poison


You were on level 1 of the Dungeon.
You visited 1 branch of the dungeon, and saw 1 of its levels.

You collected 17 gold pieces.

Inventory:

Hand Weapons
 a - a +0 war axe (weapon)
Missiles
 d - 2 throwing nets (quivered)
 e - a javelin
Armour
 b - a +0 leather armour (worn)
 c - a +0 helmet (worn)


   Skills:
 + Level 2.0 Fighting
 + Level 3.0 Axes
 + Level 1.7 Throwing
 + Level 2.6 Dodging


You couldn't memorise any spells.
You didn't know any spells.
Your spell library was empty.

Dungeon Overview and Level Annotations

Branches:
Dungeon (1/15)

Altars:


Innate Abilities, Weirdness & Mutations

Your serpentine skin is tough. (AC +0)
You have supernaturally acute eyesight. (SInv)
Armour fits poorly on your strangely shaped body.
Your system is resistant to poisons. (rPois)
You cover ground very slowly.
You can spit poison.
You have a snake-like lower body.


Message History

Press: ? - help, Q - select action, (/) - cycle Shift-Dir - straight line, f - endoplasm
Aim: an endoplasm (85% to hit)
You throw a throwing net. The throwing net hits the endoplasm.
The endoplasm is caught in the net!
The endoplasm struggles against the net.
A kobold comes into view. It is wielding a +0 dagger.
The kobold shouts!
A goblin comes into view. It is wielding a +0 dagger.
The endoplasm struggles against the net.
The goblin shouts!
You hit the endoplasm.
The endoplasm is almost dead.
The endoplasm struggles against the net. x2
You barely miss the endoplasm.
The endoplasm is almost dead.
You closely miss the goblin. The goblin hits you with a +0 dagger.
The endoplasm freezes you.
You are frozen.
The endoplasm struggles against the net.
You catch the helpless endoplasm completely off-guard!
You slash the endoplasm!
You kill the endoplasm!
You barely miss the kobold. You hit the goblin but do no damage.
The goblin barely misses you.
The kobold hits you with a +0 dagger. x2
The goblin hits you but does no damage. The goblin hits you but does no damage.
The kobold hits you with a +0 dagger.
You hit the kobold.
You kill the kobold!
You closely miss the goblin. The goblin hits you with a +0 dagger.
* * * LOW HITPOINT WARNING * * *
The goblin hits you with a +0 dagger.
* * * LOW HITPOINT WARNING * * *
The goblin completely misses you.
You see here a +0 dagger.
The goblin barely misses you.
Found a scroll labelled MECSUHE CONYKH.
The goblin hits you with a +0 dagger.
* * * LOW HITPOINT WARNING * * *
The goblin closely misses you. The goblin hits you with a +0 dagger.
You die...

##########
##........#
##.........#
#..........#
#.......#
####..)....##.?
#.....g.......#
#.#...#@...####
# #.#.#.....#
#...#........
#.#.#....#.##
#...#....#.#
#.>.#..#.# #
#...#.##.#
#.#.#.# .#
#...#


You could see a goblin.

Vanquished Creatures
  An endoplasm (D:1)
  A kobold (D:1)
2 creatures vanquished.

Notes
Turn   | Place    | Note
-------+----------+-------------------------------------------
     0 | D:1      | xian the Naga Gladiator began the quest for the Orb.
     0 | D:1      | Reached XP level 1. HP: 19/19 MP: 1/1
    31 | D:1      | Slain by a goblin

Illustrated notes

Levels and vault maps discovered:
D:1:      lemuel_arrival_hallway, layout_rooms, serial_shops, shop,
          nicolae_lakefront_shop, shop, nicolae_shop_stone,
          nicolae_shop_behind_doors, dreamdust_ecumenical_altar_statues,
          roderic_nine_men_s_morris, nicolae_concentric_dashed_squares_mild,
          nrook_mini_backslash

Action                   || total
-------------------------++-------
Melee: War axe           ||     4
Throw: Throwing net      ||     1
 Stab: Held in net/web   ||     1
Armor: Leather armour    ||     2
Dodge: Dodged            ||     4
